 Dungeon Crawl Stone Soup version 0.24-a0-769-g368c164 (webtiles) character file.

Game seed: 14324704069570696960, levelgen mode: deterministic

460 2tousent the Caller (level 7, 46/46 HPs)
             Began as a Barachi Summoner on Oct 3, 2019.
             Quit the game on level 4 of the Dungeon.
             The game lasted 00:20:59 (4801 turns).

2tousent the Caller (Barachi Summoner)              Turns: 4801, Time: 00:20:59

Health: 46/46      AC:  4    Str: 12    XL:     7   Next: 7%
Magic:  12/12      EV: 12    Int: 15    God:
Gold:   253        SH:  0    Dex: 12    Spells: 2/13 levels left

rFire    . . .     SeeInvis .   l - +2 spear (venom)
rCold    . . .     Gourm    +   (no shield)
rNeg     . . .     Faith    .   a - +1 robe
rPois    .         Spirit   .   v - +0 helmet
rElec    .         Reflect  .   (no cloak)
rCorr    .         Harm     .   (no gloves)
MR       .....                  (no boots)
Stlth    ++........             u - amulet of the gourmand
HPRegen  0.15/turn              (no ring)
MPRegen  0.13/turn              (no ring)

@: slow
A: +LOS, swims, slowness 1, strong legs 1
a: Hop


You were on level 4 of the Dungeon.
You were completely stuffed.

You visited 1 branch of the dungeon, and saw 4 of its levels.

You collected 253 gold pieces.

Inventory:

Hand Weapons
 b - a +0 dagger
 g - a +0 spear
 l - a +2 spear of venom (weapon)
 m - a +0 trident
Armour
 a - a +1 robe (worn)
 v - a +0 helmet (worn)
Jewellery
 h - an uncursed ring of attention
 u - an amulet of the gourmand (around neck)
 w - a +5 ring of dexterity {unknown}
 y - a +1 ring of evasion {unknown}
Scrolls
 i - 2 scrolls of enchant armour
 j - a scroll of amnesia
 n - a scroll of fear
 o - a scroll of blinking
 r - a scroll of fog
 s - a scroll of identify
Potions
 d - a potion of resistance
 e - a potion of agility
 f - 2 potions of might {unknown}
 k - a potion of mutation {unknown}
 p - a potion of lignification {unknown}
 q - 3 potions of magic
 t - 3 potions of heal wounds
 x - a potion of berserk rage {unknown}
 z - a potion of flight {unknown}
Comestibles
 c - 4 rations


   Skills:
 * Level 3.4 Polearms
 - Level 2.1 Dodging
 - Level 1.7 Stealth
 + Level 3.6 Spellcasting
 * Level 7.0 Summonings
 * Level 3.2 Air Magic


You had 2 spell levels left.
You knew the following spells:

 Your Spells              Type           Power        Failure   Level  Hunger
a - Summon Ice Beast      Ice/Summ       ##......     41%         4    ####...
b - Call Canine Familiar  Summ           ###.....     3%          3    ###....
c - Summon Lightning Spi  Summ/Air       ###.....     22%         4    ####...

Your spell library contained the following spells:

 Spells                   Type           Power        Failure   Level  Hunger
 Summon Small Mammal      Summ           ###.         1%          1    None
 Call Imp                 Summ           ###.....     1%          2    ##.....
 Summon Guardian Golem    Hex/Summ       ##......     13%         3    ###....


Dungeon Overview and Level Annotations

Branches:
Dungeon (4/15)
 Temple: D:4-7

Altars:

Shops:
D:4 }


Innate Abilities, Weirdness & Mutations

Shadows flee at your approach. (+LOS)
You can swim through water.
You cover ground slowly.
You can hop short distances.


Message History

a - Summon Ice Beast; c - Summon Lightning Spire A quokka comes into view.
The quokka bites you but does no damage.
You hit the quokka.
The quokka is poisoned.
The quokka is heavily wounded.
You kill the quokka!
No target in view!
No target in view!
No target in view!
You see here a +0 giant club.
All of the chunks of flesh in your inventory have rotted away.
You now have 253 gold pieces (gained 6).
Done exploring.
Welcome back, 2tousent the Barachi Summoner.
Press ? for a list of commands and other information.
Welcome back, 2tousent the Barachi Summoner.
Press ? for a list of commands and other information.
Search for what [? for help]?
Okay, then.
Are you sure you want to abandon this character and quit the game? (Confirm with "yes".)

########.####.#.#..#######.#
# #.# ##.##..# #.# #.#
##..##..# #.# #####
#.###...##..# #.#
....####...........# #.#
.........###...##.## #.#
###.####.# ##.###.# #.#
.....# #.# #.###.# #.#
###..# #.# #.##@.# #.#
###..###.# #.##.## #.#
......##†# #.##.# #)#
......)))# #.##.# #.#
###...#### #.##.#### #)#
###...#######.#.....# #)#
................#...# #)#
####.#####.####.....######)#
..>.......#.####.#.........#


There were no monsters in sight!

Vanquished Creatures
  A phantom (D:4)
  An ogre (D:4)
  2 hounds
  An orc priest (D:4)
  Natasha (twice) (D:3)
  5 adders
  An ooze (D:1)
  A worm (D:3)
  4 orcs (D:4)
  A ball python (D:4)
  6 bats
  3 giant cockroaches
  2 goblins
  7 hobgoblins
  4 jackals (D:4)
  3 quokkas
  3 frilled lizards
  7 kobolds
  A leopard gecko skeleton (D:4)
  7 rats
62 creatures vanquished.

Vanquished Creatures (collateral kills)
  An orc priest (D:4)
  2 orc wizards (D:4)
  Natasha (D:3)
  An adder (D:2)
  An ooze (D:1)
  A leopard gecko (D:1)
  5 orcs (D:4)
  A giant cockroach (D:1)
  4 hobgoblins
  2 bats (D:1)
  A goblin (D:1)
  A jackal skeleton (D:4)
  A kobold (D:3)
  A quokka skeleton (D:4)
23 creatures vanquished.

Grand Total: 85 creatures vanquished

Notes
Turn   | Place    | Note
-------+----------+-------------------------------------------
     0 | D:1      | 2tousent the Barachi Summoner began the quest for the Orb.
     0 | D:1      | Reached XP level 1. HP: 13/13 MP: 3/3
    39 | D:1      | Reached skill level 5 in Summonings
   575 | D:1      | Reached XP level 2. HP: 19/19 MP: 5/5
  1358 | D:1      | Reached XP level 3. HP: 24/24 MP: 6/6
  1363 | D:1      | Learned a level 3 spell: Call Canine Familiar
  1453 | D:1      | Reached skill level 1 in Polearms
  2579 | D:2      | Reached XP level 4. HP: 30/30 MP: 4/8
  2744 | D:3      | Noticed Natasha
  2759 | D:3      | Killed Natasha
  2769 | D:3      | Learned a level 4 spell: Summon Lightning Spire
  3048 | D:3      | Noticed Natasha
  3054 | D:3      | Killed Natasha
  3054 | D:3      | Reached skill level 6 in Summonings
  3291 | D:3      | Reached skill level 1 in Air Magic
  3291 | D:3      | Reached XP level 5. HP: 27/35 MP: 1/9
  3470 | D:3      | Noticed Natasha
  3481 | D:3      | Killed Natasha
  4172 | D:4      | Found Dapituoxt's Gadget Shop.
  4362 | D:4      | Reached XP level 6. HP: 37/41 MP: 1/10
  4456 | D:4      | Noticed a phantom
  4480 | D:4      | Killed a phantom
  4662 | D:4      | Reached skill level 7 in Summonings
  4662 | D:4      | Reached XP level 7. HP: 46/46 MP: 7/12
  4694 | D:4      | Learned a level 4 spell: Summon Ice Beast
  4793 | D:4      | Upgraded the game from 0.24-a0-762-gca426f5 to
                  | 0.24-a0-769-g368c164
  4801 | D:4      | Quit the game

Levels and vault maps discovered:
D:1:      lightli_arrival_maybe_door_vault, layout_loops_cross
D:2:      layout_basic, first_ration
D:3:      layout_loops_corners, uniq_natasha
D:4:      layout_loops_ring, serial_shops, shop

Skill      XL: |  1  2  3  4  5  6 |
---------------+-------------------+-----
Summonings     | 5 6 7 |  7.0
Polearms       | 1 2 3 |  3.4
Spellcasting   | 3 |  3.6
Air Magic      | 1 2 3 |  3.2
Dodging        | |  2.1
Stealth        | |  1.7

Action                   |  1- 3 |  4- 6 |  7- 9 || total
-------------------------+-------+-------+-------++-------
Melee: Dagger            |    42 |       |       ||    42
       Spear             |    53 |   146 |     3 ||   202
 Cast: Summon Small Mamm |    12 |       |       ||    12
       Call Canine Famil |     3 |     7 |       ||    10
       Summon Lightning  |       |     4 |       ||     4
 Abil: Hop               |     2 |     1 |       ||     3
  Use: Scroll            |       |    14 |       ||    14
 Stab: Sleeping          |     5 |     2 |       ||     7
       Distracted        |     1 |       |       ||     1
  Eat: Chunk             |     6 |    20 |       ||    26
Armor: Robe              |    15 |    18 |     2 ||    35
Dodge: Dodged            |    52 |    67 |     1 ||   120

Table legend:
 A = Non-vault XP
 B = Vault XP
 C = Vault XP percentage of total XP
 D = Non-vault monster count
 E = Vault monster count
 F = Vault count percentage of total count
                 A         B        C        D         E       F
            +---------+---------+-------+---------+---------+-------
      Total |     626 |      32 |   4.9 |      84 |       1 |   1.2
            +---------+---------+-------+---------+---------+-------
        D:1 |      48 |       0 |   0.0 |      28 |       0 |   0.0
        D:2 |      35 |       0 |   0.0 |       9 |       0 |   0.0
        D:3 |     125 |      32 |  20.4 |      19 |       1 |   5.0
        D:4 |     418 |       0 |   0.0 |      28 |       0 |   0.0
            +---------+---------+-------+---------+---------+-------
